 Dungeon Crawl Stone Soup version 0.30.0-30-g96aa6591b8 (webtiles) character file.

Game seed: 2871869552520200056

126 Darius the Chiller (level 5, -4/40 HPs)
             Began as a Hill Orc Ice Elementalist on July 1, 2023.
             Slain by a bullfrog (5 damage)
             ... in a sewer.
             The game lasted 00:05:37 (949 turns).

Darius the Chiller (Hill Orc Ice Elementalist)       Turns: 949, Time: 00:05:37

Health: -4/40      AC:  2    Str: 11    XL:     5   Next: 9%
Magic:  0/8        EV: 12    Int: 17    God:
Gold:   15         SH:  0    Dex: 11    Spells: 4/8 levels left

rFire   . . .        (no weapon)
rCold   . . .        (no shield)
rNeg    . . .        a - +0 robe
rPois   .            (helmet restricted)
rElec   .            (no cloak)
rCorr   .            (no gloves)
SInv    .            (no boots)
Will    .....        (no amulet)
Stlth   +            (no ring)
HPRegen 0.26/turn    (no ring)
MPRegen 0.11/turn

%: no passive effects
@: unable to drink, very slow
A: antennae 1, hooves 1, screaming 1, inability to drink after injury 1
a: no special abilities


You were in a sewer.
You visited 1 branch of the dungeon, and saw 3 of its levels.
You also visited: Sewer.

You collected 15 gold pieces.

Inventory:

Armour
 a - a +0 robe (worn)
Jewellery
 e - a ring of protection from cold
Scrolls
 d - a scroll of poison {unknown}
 i - a scroll of enchant armour {unknown}
 k - a scroll of teleportation {unknown}
Potions
 c - a potion of haste


   Skills:
 * Level 1.1 Fighting
 * Level 1.1 Armour
 * Level 2.0 Dodging
 * Level 2.0 Stealth
 * Level 2.4 Spellcasting
 * Level 4.4 Ice Magic


You had 4 spell levels left.
You knew the following spells:

 Your Spells              Type           Power      Damage    Failure   Level
a - Freeze                Ice            68%        1d8       3%          1
b - Frozen Ramparts       Ice            34%        1d6       9%          3

Your spell library contained the following spells:

 Spells                   Type           Power      Damage    Failure   Level
 Ozocubu's Armour         Ice            17%        N/A       9%          3
 Summon Ice Beast         Ice/Summ       9%         N/A       58%         4


Dungeon Overview and Level Annotations

Branches:
Dungeon (3/15)              Sewer (1/1)

Altars:


Innate Abilities, Weirdness & Mutations

You have a pair of small antennae on your head.
You have large cloven feet.
You occasionally shout uncontrollably at your foes.
You occasionally lose the ability to drink potions when taking damage.


Message History

The bullfrog is moderately wounded.
The bullfrog seems to slow down.
The bullfrog hits you.
You don't have enough magic to cast this spell.
You don't have enough magic to cast this spell.
Unknown command.
The bullfrog gives a loud, deep croak!
The bullfrog hits you!
Aiming: Freeze (safe; 3% risk of failure)
Press: ? - help, Q - select action, (/) - cycle Shift-Dir - straight line, f/p - bullfrog
Aim: a bullfrog (water, moderately wounded, slow)
You freeze the bullfrog!
The bullfrog is severely wounded.
The bullfrog hits you! The bullfrog hits you!
The bullfrog hits you but does no damage.
The bullfrog hits you.
It was a potion of curing.
You feel better.
The bullfrog is no longer moving slowly.
The bullfrog hits you. The bullfrog hits you!
* * * LOW HITPOINT WARNING * * *
The bullfrog barely misses you.
It was a potion of mutation.
You feel extremely strange.
You occasionally lose the ability to drink potions when taking damage.
You feel the urge to shout. A pair of antennae grows on your head!
Your feet thicken and deform.
The bullfrog completely misses you. The bullfrog hits you.
* * * LOW HITPOINT WARNING * * *
It was a potion of heal wounds.
You feel much better. The bullfrog hits you! The bullfrog barely misses you.
The bullfrog hits you! The bullfrog hits you.
You hit the bullfrog but do no damage. Your kick misses the bullfrog.
The bullfrog is severely wounded.
The bullfrog closely misses you. The bullfrog hits you!
You feel threatened and lose the ability to drink potions!
* * * LOW HITPOINT WARNING * * *
Your unstable footing causes you to fumble your attack.
The bullfrog hits you.
* * * LOW HITPOINT WARNING * * *
The bullfrog hits you.
You die...

### #.~≈~.# ≈≈≈≈###
#~≈≈~.# ≈≈≈≈≈≈≈####≈≈≈~.#
≈≈≈≈≈~≈≈≈##≈≈≈~~#
≈≈≈≈~∩~~≈≈#≈≈≈~~#
≈≈.~.≈≈~..~≈≈≈≈≈≈≈~~#
#≈≈≈≈≈.~.(?~.~.~≈≈~≈≈~≈~~#
#≈≈≈≈≈≈.[!(~~.~≈F~≈†~~≈~.#
#≈≈≈≈≈≈≈~)~~~.≈F@≈≈≈~~≈~~#
#≈≈≈≈≈≈≈≈.~~.~.~≈≈≈~~~≈~~#
#≈≈~≈≈≈≈≈≈~~~~≈≈≈≈~~~≈~~#
#≈≈≈~≈≈≈≈≈≈≈≈≈≈≈≈≈~.~≈~.#
####~≈≈≈≈≈≈≈~~≈≈≈≈≈~.~≈~.#
...†....~~≈~≈≈~~~~..~~≈~.#
~~~~~~~~~~~≈~~≈≈≈~~~~≈≈~.#
≈≈≈≈≈≈≈≈≈≈≈≈≈≈≈≈≈≈≈≈≈≈~~.#
~~~~~~~~~~~~~~~~~~~~÷~~..#


You could see 2 bullfrogs.

Vanquished Creatures
  Jessica (D:2)
  6 adders (Sewer)
  A dart slug (D:1)
  3 ball pythons (Sewer)
  An endoplasm (D:2)
  14 giant cockroaches
  2 hobgoblins
  3 kobolds
  5 quokkas
  7 frilled lizards (Sewer)
43 creatures vanquished.

Notes
Turn   | Place    | Note
-------+----------+-------------------------------------------
     0 | D:1      | Darius the Hill Orc Ice Elementalist began the quest for
                  | the Orb.
     0 | D:1      | Reached XP level 1. HP: 14/14 MP: 3/3
   193 | D:1      | Reached XP level 2. HP: 20/20 MP: 0/4
   315 | D:2      | Noticed Jessica
   331 | D:2      | Killed Jessica
   332 | D:2      | Reached skill level 4 in Ice Magic
   332 | D:2      | Reached XP level 3. HP: 21/27 MP: 0/5
   344 | D:2      | Learned a level 3 spell: Frozen Ramparts
   423 | D:3      | Found a glowing drain.
   451 | Sewer    | Entered a sewer
   497 | Sewer    | Reached skill level 1 in Fighting
   544 | Sewer    | Reached XP level 4. HP: 33/35 MP: 4/7
   769 | Sewer    | Reached skill level 1 in Armour
   910 | Sewer    | Reached XP level 5. HP: 40/40 MP: 2/8
   946 | Sewer    | Gained mutation: You occasionally lose the ability to drink
                  | potions when taking damage. [potion of mutation]
   946 | Sewer    | Gained mutation: You occasionally shout uncontrollably at
                  | your foes. [potion of mutation]
   946 | Sewer    | Gained mutation: You have a pair of small antennae on your
                  | head. [potion of mutation]
   946 | Sewer    | Gained mutation: You have large cloven feet. [potion of
                  | mutation]
   949 | Sewer    | HP: 1/40 [bullfrog (6)]
   949 | Sewer    | Slain by a bullfrog

Illustrated notes

Levels and vault maps discovered:
D:1:      minmay_arrival_jagged, layout_loops_ring, serial_forest,
          infiniplex_forest_clump_curved, infiniplex_forest_clump_double,
          infiniplex_forest_lined_3, infiniplex_forest_lined_room_,
          infiniplex_forest_clump_small, infiniplex_forest_corner_2,
          infiniplex_forest_corner_1
D:2:      layout_rooms, uniq_jessica
D:3:      due_chaos_kobolds, layout_basic, general_overflow_altar,
          mainiacjoe_overflow_24_doors, lemuel_crystal_altar,
          portal_sewer_entry_f, kennysheep_another_room
Sewer:    sewer_frog_island_01

Skill      XL: |  1  2  3  4 |
---------------+-------------+-----
Ice Magic      | 4 |  4.4
Fighting       | 1 |  1.1
Spellcasting   | 2 |  2.4
Armour         | 1 |  1.1
Dodging        | 2 |  2.0
Stealth        | 2 |  2.0

Action                     |  1- 3 |  4- 6 || total
---------------------------+-------+-------++-------
  Melee: Unarmed           |     1 |     6 ||     7
   Cast: Freeze            |    30 |    28 ||    58
         Frozen Ramparts   |     1 |     4 ||     5
    Use: Potion            |     1 |     4 ||     5
         Scroll            |     1 |       ||     1
 Armour: Robe              |     6 |     6 ||    12
  Dodge: Dodged            |    24 |    39 ||    63
